 Dungeon Crawl Stone Soup version 0.29-a0-270-g1586fc07ea (webtiles) character file.

Game seed: 10148339187261482894

18243 spaghetti the Brawler (level 12, -4/110 HPs)
             Began as a Demonspawn Berserker on Mar 7, 2022.
             Was an Elder of Trog.
             Slain by a six-headed hydra (6 damage)
             ... on level 4 of the Lair of Beasts.
             The game lasted 00:16:23 (12554 turns).

spaghetti the Brawler (Demonspawn Berserker)       Turns: 12554, Time: 00:16:23

Health: -4/110     AC:  4    Str: 23    XL:     12   Next: 26%
Magic:  12/12      EV: 11    Int:  9    God:    Trog [****..]
Gold:   670        SH:  0    Dex: 12    Spells: 11/11 levels left

rFire   . . .      SeeInvis .     - Unarmed
rCold   . . .      Faith    .   (no shield)
rNeg    . . .      Spirit   .   h - +0 troll leather armour
rPois   .          Reflect  .   (helmet restricted)
rElec   .          Harm     .   (no cloak)
rCorr   .          Rampage  .   (no gloves)
Will    .....                   (boots unavailable)
Stlth   +.........              (no amulet)
HPRegen 1.08/turn               (no ring)
MPRegen 0.13/turn               (no ring)

@: no status effects
A: claws 2, hooves 3, horns 2, ignite blood 1, robust 1
a: Renounce Religion, Berserk, Trog's Hand, Brothers in Arms


You were on level 4 of the Lair of Beasts.
You worshipped Trog.
Trog was greatly pleased with you.
You visited 2 branches of the dungeon, and saw 12 of its levels.

You collected 728 gold pieces.
You spent 58 gold pieces at shops.


Innate Abilities, Weirdness & Mutations

You have very sharp fingernails.
You have hooves in place of feet.
You have a pair of horns on your head.
Your demonic aura sometimes causes spilled blood to erupt in flames.
You are robust. (+10% HP)


   Skills:
 - Level 11.1 Fighting
 - Level 2.6 Maces & Flails
 - Level 1.7 Armour
 - Level 1.7 Dodging
 + Level 15.7 Unarmed Combat


You had 11 spell levels left.
You didn't know any spells.
Your spell library contained the following spells:

 Spells                   Type           Power      Damage    Failure   Level
 Scorch                   Fire           0%         2d5       56%         2
 Flame Wave               Conj/Fire      0%         2d4       99%         4
 Summon Cactus Giant      Summ           0%         N/A       100%        6

Inventory:

Hand Weapons
 b - a +1 hunting sling {sling}
   (You took it off a goblin on level 2 of the Dungeon)
 u - a +4 demon whip of venom {mace}
   (You took it off Amaemon on level 1 of the Lair of Beasts)
Missiles
 a - a throwing net {=f!fthrowing}
 c - 364 stones (quivered) {throwing}
 g - 2 curare-tipped darts {=fthrowing}
 l - 3 silver boomerangs {throwing}
 m - 12 poisoned darts {throwing}
 r - 5 boomerangs {throwing}
 E - 3 javelins {throwing}
Armour
 h - a +0 troll leather armour (worn)
   (You found it on level 7 of the Dungeon)
 G - a +0 pair of boots
   (You bought it in a shop on level 5 of the Dungeon)
Jewellery
 d - a ring of protection from cold
   (You found it on level 1 of the Dungeon)
 e - a ring of flight
   (You found it on level 8 of the Dungeon)
 o - an amulet of the acrobat
   (You found it on level 2 of the Dungeon)
 J - a ring of see invisible
   (You found it on level 4 of the Lair of Beasts)
Wands
 p - a wand of flame (18)
   (You found it on level 4 of the Dungeon)
 t - a wand of mindburst (5)
   (You found it on level 3 of the Lair of Beasts)
 I - a wand of charming (6)
   (You found it on level 4 of the Lair of Beasts)
Scrolls
 i - 2 scrolls of vulnerability {!r!r}
 k - 3 scrolls of immolation {!r!r}
 n - 4 scrolls of teleportation {@r4}
 y - a scroll of blinking {!r}
 A - 2 scrolls of magic mapping {!r}
 B - a scroll of fog
Potions
 f - 2 potions of ambrosia
 j - 2 potions of attraction {!q}
 q - 2 potions of berserk rage {!q}
 s - 3 potions of might
 v - a potion of invisibility
 w - 2 potions of heal wounds {@q2}
 z - 3 potions of flight
 C - 2 potions of magic
 F - 5 potions of curing {unknown}
 H - 3 potions of mutation {!q}

Dungeon Overview and Level Annotations

Branches:
Dungeon (8/15)             Temple (0/1) D:7            Lair (4/6) D:8
 Shoals (0/4) Lair:4       Spider (0/4) Lair:3

Altars:
Cheibriados
Elyvilon
Nemelex Xobeh
Trog
Vehumet
Wu Jian
Jiyva

Shops:
D:1 =   D:4 (   D:5 [

Annotations:
Lair:1 exclusion: 3 electric eels, Gastronok
Lair:4 3 runed translucent doors, Dobruq's ghost, journeyman OgTm

###.#..................
.##.....................
........................
#......#................
.......##...#P..........
.......##..........≈≈≈≈≈
...>...............≈≈≈#
................D..≈≈#
................@O.≈≈#
.>..........##.....≈≈≈≈≈
.......#..####.....≈≈≈≈≈
........### #P..........
.#..###.# ##.#.#######
###.# ### ##### ###


You could see a six-headed hydra (corroded, ally target) and a friendly
two-headed ogre (summoned, berserk).


Message History

😮 HP[+1]
You start resting. 😎 HP[+45]
Your hp is fully restored (110).
Things that are here:
a yak corpse; a yak corpse
n - 4 scrolls of teleportation {@r4} (gained 1) Key pressed, stopping explore.
J - a ring of see invisible The acid blob quivers.
The azure jelly quivers.
The acid blob quivers.
x - 2 scrolls of identify {@r1} (gained 1)
The slime creature quivers.
The acid blob quivers.
Dobruq's ghost turns its malevolent gaze towards you.
The azure jelly quivers.
The slime creature jiggles.
The slime creature quivers.
The azure jelly jiggles.
Found a runed helmet.
The acid blob quivers.
The quicksilver ooze quivers.
The acid blob quivers.
The slime creature quivers.
Found a glowing quarterstaff.
Found a viscous altar of Jiyva.
Two slime creatures merge to form a large slime creature.
Dobruq's ghost says, "You must not succeed where I failed!"
A large slime creature splits.
Key pressed, stopping explore.
Found a stone staircase leading down.
As you read the scroll of identify {@r1}, it crumbles to dust.
v - a potion of invisibility
As you read the scroll of identify {@r1}, it crumbles to dust.
w - 2 potions of heal wounds Key pressed, stopping explore.
Key pressed, stopping explore.
A six-headed hydra is nearby!
Okay, then.
That's the wrong kind of item! (Use * to select it.) Evoke which item? (* to show all) (? for menu, Esc to quit)
Aiming: Corrosive Bolt
Press: ? - help, Shift-Dir - straight line, f - six-headed hydra
Aim: a six-headed hydra (90% to hit)
The bolt of acid hits the six-headed hydra!
That's the wrong kind of item! (Use * to select it.) Evoke which item? (* to show all) (? for menu, Esc to quit)
Aiming: Corrosive Bolt
Press: ? - help, Shift-Dir - straight line, f/p - six-headed hydra
Aim: a six-headed hydra (lightly wounded, 90% to hit)
The bolt of acid hits the six-headed hydra!
The acid corrodes the six-headed hydra!
The now-empty wand crumbles to dust.
No previous command to re-do.
Aiming: Mindburst
Press: ? - help, Shift-Dir - straight line, f/p - six-headed hydra
Aim: a six-headed hydra (moderately wounded, covered in acid, chance to affect: 29%)
The six-headed hydra easily resists.
Aiming: Mindburst
Press: ? - help, Shift-Dir - straight line, f/p - six-headed hydra
Aim: a six-headed hydra (moderately wounded, covered in acid, chance to affect: 29%)
The six-headed hydra easily resists.
Aiming: Mindburst
Press: ? - help, Shift-Dir - straight line, f/p - six-headed hydra
Aim: a six-headed hydra (moderately wounded, covered in acid, chance to affect: 29%)
The six-headed hydra's minds are blasted!
The six-headed hydra bites you! The six-headed hydra bites you.
The six-headed hydra bites you! The six-headed hydra barely misses you.
The six-headed hydra bites you.
The six-headed hydra bites you! 😮 HP[-50]
You take 50 damage, and now have 60/110 hp.
MASSIVE DAMAGE!! (PAUSE)
Okay, then.
You fail to use your ability.
The six-headed hydra completely misses you.
The six-headed hydra bites you!
* * * LOW HITPOINT WARNING * * *
The six-headed hydra bites you but does no damage.
The six-headed hydra bites you.
* * * LOW HITPOINT WARNING * * *
The six-headed hydra bites you.
* * * LOW HITPOINT WARNING * * *
The six-headed hydra closely misses you. 😨 HP[-20]
You take 20 damage, and now have 40/110 hp.
Unknown command.
Your two-headed ogre goes berserk!
The six-headed hydra bites you but does no damage.
The six-headed hydra barely misses you.
The six-headed hydra bites you but does no damage. x2
The six-headed hydra bites you!
* * * LOW HITPOINT WARNING * * *
The six-headed hydra bites you.
* * * LOW HITPOINT WARNING * * *
😨 HP[-10]
You take 10 damage, and now have 30/110 hp. 😨 HP[+1]
The six-headed hydra attacks as you move away!
The six-headed hydra completely misses you.
The six-headed hydra bites you!
* * * LOW HITPOINT WARNING * * *
The six-headed hydra bites you!
* * * LOW HITPOINT WARNING * * *
The six-headed hydra bites you!
* * * LOW HITPOINT WARNING * * *
The six-headed hydra bites you.
You die...

Skill      XL: |  1  2  3  4  5  6  7  8  9 10 11 |
---------------+----------------------------------+-----
Fighting       | 4 6 8 11 | 11.1
Unarmed Combat | 1 2 3 4 8 12 15 | 15.7
Maces & Flails | |  2.6
Armour         | |  1.7
Dodging        | |  1.7

Action                   |  1- 3 |  4- 6 |  7- 9 | 10-12 || total
-------------------------+-------+-------+-------+-------++-------
Melee: Mace              |    23 |       |       |       ||    23
       Unarmed           |    69 |   164 |   230 |   328 ||   791
       Headbutt          |    12 |    31 |    37 |    62 ||   142
       Punch             |       |     3 |     8 |    14 ||    25
       Kick              |       |    40 |     6 |     8 ||    54
 Fire: Hunting sling     |       |       |     4 |       ||     4
Throw: Stone             |       |       |       |    11 ||    11
Invok: Berserk           |     3 |     5 |    10 |    16 ||    34
       Brothers in Arms  |       |       |       |     2 ||     2
Evoke: Wand              |       |       |     3 |     6 ||     9
  Use: Scroll            |     1 |     5 |     2 |     9 ||    17
       Potion            |       |     2 |       |     1 ||     3
 Stab: Sleeping          |     1 |     5 |     1 |       ||     7
Armor: Animal skin       |    26 |    20 |    25 |       ||    71
       Troll leather arm |       |       |    42 |    46 ||    88
Dodge: Dodged            |    79 |   101 |   149 |   169 ||   498

Levels and vault maps discovered:
D:1:      eino_arrival_tree_alley, layout_loops_ring, serial_forest,
          infiniplex_forest_clump_large, infiniplex_forest_clump_curved,
          infiniplex_forest_straight_4, infiniplex_forest_fountain,
          infiniplex_forest_clump_diagonal, infiniplex_forest_straight_2,
          infiniplex_forest_clump_medium, infiniplex_forest_clump_large,
          serial_shops, shop
D:2:      minmay_alternating_diamond, layout_loops_cross
D:3:      layout_loops_ring, lemuel_tele_altar,
          shapermc_ecumenical_altar_mp_highgroup, chequers_jeans, st_stairs_9
D:4:      layout_basic, overflow_temple_1_default, serial_shops,
          nicolae_shop_statue_plus, sigmund_army
D:5:      layout_basic, grunt_temple_overflow_open, serial_shops,
          nicolae_shop_crystal, fountainhead, uniq_ijyb, uniq_sigmund
D:6:      layout_basic, gup_sewer_entry_bowl
D:7:      layout_loops_ring, slow_altar_2, nemelex_spade_bored_becter,
          minmay_temple_entry_mini_moons
D:8:      lemuel_castle_with_subvaults [lemuel_castle_interior_carwin_2],
          layout_loops_cross, david_lair_shrubbed
Lair:1:   layout_cave_pods, serial_bayou_shore_a, grunt_megastairs_4,
          lemuel_fruit_fields, uniq_gastronok, uniq_amaemon
Lair:2:   layout_cave_pods, portal_ice_cave_rime,
          grunt_forest_small_clearing_treed, uniq_nergalle
Lair:3:   layout_gridlike, spider_nest_entry_web_field
Lair:4:   layout_gridlike, minmay_shoals_entry_lonely_mermaid,
          gammafunk_ghost_ooze, infiniplex_staircase_pool_2, uniq_josephine

Notes
Turn   | Place    | Note
-------+----------+-------------------------------------------
     0 | D:1      | spaghetti the Demonspawn Berserker began the quest for the
                  | Orb.
     0 | D:1      | Reached XP level 1. HP: 18/18 MP: 1/1
     0 | D:1      | magus.rc [v1.9.6]
   142 | D:1      | You feel monstrous as your demonic heritage exerts itself.
   142 | D:1      | Discovered your monstrous ancestry.
   142 | D:1      | Gained mutation: You have a pair of small horns on your
                  | head. [demonic ancestry]
   142 | D:1      | Reached XP level 2. HP: 19/24 MP: 2/2
   757 | D:1      | Found Raurr's Jewellery Shop.
   991 | D:2      | Reached skill level 4 in Fighting
   991 | D:2      | Reached skill level 1 in Unarmed Combat
   991 | D:2      | Gained mutation: You have a pair of horns on your head.
                  | [demonic ancestry]
   991 | D:2      | Reached XP level 3. HP: 28/30 MP: 3/3
  1144 | D:2      | You pick up a book of Scorching {forbidden} and begin
                  | reading...
  1144 | D:2      | You add the spells Scorch, Flame Wave and Summon Cactus
                  | Giant to your library.
  1475 | D:2      | Reached skill level 2 in Unarmed Combat
  1480 | D:2      | Reached XP level 4. HP: 27/37 MP: 4/4
  1482 | D:2      | HP: 12/55 [gnoll/+0 spear (6)]
  1483 | D:2      | Reached ** piety under Trog
  2074 | D:2      | Reached skill level 3 in Unarmed Combat
  2563 | D:3      | Gained mutation: You have large cloven feet. [demonic
                  | ancestry]
  2563 | D:3      | Reached XP level 5. HP: 33/42 MP: 5/5
  2943 | D:3      | Found a faded altar of an unknown god.
  3094 | D:3      | Reached skill level 4 in Unarmed Combat
  3367 | D:3      | Found a radiant altar of Vehumet.
  3700 | D:4      | Found an ornate altar of the Wu Jian Council.
  3717 | D:4      | Found Voeh's Weapon Boutique.
  3993 | D:4      | Gained mutation: You are robust. (+10% HP) [potion of
                  | mutation]
  4438 | D:4      | Identified the +1 pair of gloves of the Shining Light {rN+
                  | Str+3}
  4900 | D:5      | Entered Level 5 of the Dungeon
  4905 | D:5      | Noticed an ogre
  4915 | D:5      | Reached XP level 6. HP: 39/53 MP: 6/6
  4917 | D:5      | Reached skill level 5 in Fighting
  5101 | D:5      | Noticed Sigmund
  5108 | D:5      | Killed Sigmund
  5109 | D:5      | Reached skill level 6 in Fighting
  5109 | D:5      | Gained mutation: You have hoof-like feet. [demonic
                  | ancestry]
  5109 | D:5      | Reached XP level 7. HP: 64/64 MP: 7/7
  5142 | D:5      | Noticed Ijyb
  5148 | D:5      | Killed Ijyb
  5217 | D:5      | Reached skill level 7 in Fighting
  5451 | D:5      | Noticed a troll
  5453 | D:5      | Found Hakuuneh's Armour Emporium.
  5461 | D:5      | Killed a troll
  5462 | D:5      | Reached skill level 8 in Fighting
  5561 | D:5      | Bought a +0 pair of boots for 58 gold pieces
  5835 | D:5      | Found a bloodstained altar of Trog.
  5928 | D:6      | Gained mutation: You have sharp fingernails. [demonic
                  | ancestry]
  5928 | D:6      | Reached XP level 8. HP: 75/75 MP: 8/8
  6321 | D:6      | Reached skill level 9 in Fighting
  6475 | D:6      | Found a glowing drain.
  6583 | D:7      | Noticed a troll
  6594 | D:7      | Killed a troll
  6707 | D:7      | Found a snail-covered altar of Cheibriados.
  6748 | D:7      | Reached skill level 10 in Fighting
  6812 | D:7      | Found a staircase to the Ecumenical Temple.
  6845 | D:7      | Reached skill level 11 in Fighting
  6846 | D:7      | Reached *** piety under Trog
  6847 | D:7      | Gained mutation: You have very sharp fingernails. [demonic
                  | ancestry]
  6847 | D:7      | Reached XP level 9. HP: 89/89 MP: 9/9
  7020 | D:7      | Reached skill level 5 in Unarmed Combat
  7075 | D:7      | Found a sparkling altar of Nemelex Xobeh.
  7296 | D:7      | Reached skill level 6 in Unarmed Combat
  7651 | D:8      | Noticed a two-headed ogre
  7657 | D:8      | Killed a two-headed ogre
  7658 | D:8      | Reached skill level 8 in Unarmed Combat
  7993 | D:8      | Reached XP level 10. HP: 89/95 MP: 10/10
  8010 | D:8      | Reached skill level 9 in Unarmed Combat
  8192 | D:8      | Reached skill level 10 in Unarmed Combat
  8276 | D:8      | Reached **** piety under Trog
  8779 | D:8      | Found a staircase to the Lair.
  8901 | Lair:1   | Entered Level 1 of the Lair of Beasts
  8932 | Lair:1   | Reached skill level 11 in Unarmed Combat
  8964 | Lair:1   | Noticed Amaemon
  8964 | Lair:1   | Noticed an orange demon
  8972 | Lair:1   | Killed Amaemon
  8978 | Lair:1   | Killed an orange demon
  8983 | Lair:1   | HP: 23/95 [poisoned by an orange demon]
  9346 | Lair:1   | Noticed Gastronok
  9346 | Lair:1   | Gastronok the Ponderous comes into view. He is wearing the
                  | +3 hat of Pondering {ponderous, Will+ MP+10 Int+5}.
  9355 | Lair:2   | Noticed Nergalle
  9355 | Lair:2   | Noticed a cane toad
  9355 | Lair:2   | Found a frozen archway.
  9360 | Lair:2   | Killed Nergalle
  9361 | Lair:2   | Reached skill level 12 in Unarmed Combat
  9361 | Lair:2   | Gained mutation: Your demonic aura sometimes causes spilled
                  | blood to erupt in flames. [demonic ancestry]
  9361 | Lair:2   | Reached XP level 11. HP: 102/102 MP: 11/11
  9383 | Lair:2   | HP: 22/102 [poisoned by a cane toad]
  9384 | Lair:2   | HP: 10/102 [poisoned by a cane toad]
  9389 | Lair:2   | HP: 7/102 [poisoned by a cane toad]
  9677 | Lair:2   | HP: 25/102 [poisoned by a black mamba]
  9682 | Lair:2   | HP: 25/102 [poisoned by a black mamba]
  9996 | Lair:2   | Reached skill level 13 in Unarmed Combat
 10570 | Lair:3   | Found a hole to the Spider Nest.
 10638 | Lair:3   | HP: 22/102 [yak (14)]
 10743 | Lair:3   | Reached skill level 14 in Unarmed Combat
 11998 | Lair:4   | Noticed a six-headed hydra
 12037 | Lair:4   | Noticed Josephine
 12049 | Lair:4   | Killed Josephine
 12050 | Lair:4   | Reached skill level 15 in Unarmed Combat
 12050 | Lair:4   | Gained mutation: You have hooves in place of feet. [demonic
                  | ancestry]
 12050 | Lair:4   | Reached XP level 12. HP: 96/110 MP: 12/12
 12139 | Lair:4   | Found a staircase to the Shoals.
 12350 | Lair:4   | Found a runed translucent gate.
 12350 | Lair:4   | Found a runed translucent gate.
 12350 | Lair:4   | Found a runed translucent gate.
 12351 | Lair:4   | Noticed an acid blob
 12351 | Lair:4   | Noticed an azure jelly
 12351 | Lair:4   | Noticed an acid blob
 12387 | Lair:4   | Noticed an acid blob
 12388 | Lair:4   | Noticed Dobruq's ghost (journeyman OgTm)
 12388 | Lair:4   | Noticed an azure jelly
 12388 | Lair:4   | Noticed an acid blob
 12388 | Lair:4   | Noticed an azure jelly
 12388 | Lair:4   | Noticed a quicksilver ooze
 12389 | Lair:4   | Noticed an azure jelly
 12390 | Lair:4   | Noticed a quicksilver ooze
 12390 | Lair:4   | Noticed an acid blob
 12391 | Lair:4   | Found a viscous altar of Jiyva.
 12554 | Lair:4   | HP: 21/110 [six-headed hydra (10)]
 12554 | Lair:4   | HP: 2/110 [six-headed hydra (9)]
 12554 | Lair:4   | Slain by a six-headed hydra

Vanquished Creatures
  Josephine (Lair:4)
  A two-headed ogre (D:8)
  Nergalle (Lair:2)
  Amaemon (Lair:1)
  A merfolk siren (Lair:4)
  A black mamba (Lair:2)
  A torpor snail (Lair:3)
  4 rime drakes
  An orange demon (Lair:1)
  5 cane toads
  7 komodo dragons
  A polar bear (Lair:2)
  3 trolls
  3 blink frogs (Lair:3)
  13 yaks
  Sigmund (D:5)
  5 wyverns
  3 wraiths (Lair:4)
  A basilisk (Lair:4)
  2 wargs (D:8)
  9 water moccasins
  4 ice beasts
  2 sky beasts
  4 orc warriors
  A black bear (Lair:4)
  7 ogres
  2 centaurs (D:7)
  4 wolves (Lair:4)
  2 kobold brigands
  A necrophage (D:5)
  6 bullfrogs
  4 gnoll sergeants (D:8)
  A scorpion (D:7)
  12 howler monkeys
  11 hounds
  A jelly (D:8)
  A gnoll shaman (D:8)
  7 orc priests
  Ijyb (D:5)
  4 orc wizards (D:8)
  4 iguanas
  A mummy (D:7)
  10 adders
  10 gnolls
  3 shadow imps
  2 white imps (D:6)
  3 ufetubi
  2 worms
  2 dart slugs
  23 orcs
  4 endoplasms
  4 giant cockroaches
  3 goblins (D:2)
  8 hobgoblins
  7 jackals
  8 kobolds
  4 quokkas
  10 ball pythons
  4 bats
  A frilled lizard (D:2)
  6 rats
259 creatures vanquished.

Vanquished Creatures (collateral kills)
  An orc priest (D:8)
1 creature vanquished.

Vanquished Creatures (others)
  A fungus (Lair:2)
  23 plants
24 creatures vanquished.

Grand Total: 284 creatures vanquished

Table legend:
 A = Non-vault XP
 B = Vault XP
 C = Vault XP percentage of total XP
 D = Non-vault monster count
 E = Vault monster count
 F = Vault count percentage of total count
                 A         B        C        D         E       F
            +---------+---------+-------+---------+---------+-------
      Total |   17247 |    8815 |  33.8 |     181 |      79 |  30.4
            +---------+---------+-------+---------+---------+-------
        D:1 |      32 |       0 |   0.0 |      18 |       0 |   0.0
        D:2 |     124 |       8 |   6.1 |      18 |       5 |  21.7
        D:3 |      97 |      13 |  11.8 |      21 |       2 |   8.7
        D:4 |      69 |       9 |  11.5 |      12 |       3 |  20.0
        D:5 |     741 |     241 |  24.5 |      13 |       2 |  13.3
        D:6 |     433 |       6 |   1.4 |      17 |       3 |  15.0
        D:7 |    1890 |      18 |   0.9 |      22 |       1 |   4.3
        D:8 |    1223 |    3702 |  75.2 |       7 |      52 |  88.1
     Lair:1 |     431 |    1254 |  74.4 |       3 |       3 |  50.0
     Lair:2 |    3330 |    1558 |  31.9 |      12 |       3 |  20.0
     Lair:3 |    5096 |       0 |   0.0 |      20 |       0 |   0.0
     Lair:4 |    3781 |    2006 |  34.7 |      18 |       5 |  21.7
            +---------+---------+-------+---------+---------+-------

Illustrated notes

Table legend:
 A = Kills in this place as a percentage of kills in entire the game.
 B = Kills by you in this place as a percentage of kills by you in the entire game.
 C = Kills by friends in this place as a percentage of kills by friends in the entire game.
 D = Other kills in this place as a percentage of other kills in the entire game.
 E = Experience gained in this place as a percentage of experience gained in the entire game.
 F = Experience gained in this place divided by the number of levels of this place that you have seen.
                   A       B       C       D       E      F
               +-------+-------+-------+-------+-------+----------------------
         Total | 100.0 | 100.0 | 100.0 |   N/A | 100.0 | 2171.8
       Dungeon |  75.4 |  75.3 | 100.0 |   N/A |  33.0 | 1075.8
          Lair |  24.6 |  24.7 |   0.0 |   N/A |  67.0 | 4364.0
               +-------+-------+-------+-------+-------+----------------------

Table legend: (Time is in decaauts)
 A = Elapsed time spent in this place.
 B = Non-inter-level travel time spent in this place.
 C = Inter-level travel time spent in this place.
 D = Time resting spent in this place.
 E = Time spent auto-exploring this place.
 F = Levels seen in this place.
 G = Mean time per level.
                   A        B        C        D        E       F      G
               +--------+--------+--------+--------+--------+-----+--------+
         Total |  12808 |  12532 |    276 |   3930 |   6934 |  12 | 1067.3 |
       Dungeon |   9071 |   8856 |    215 |   2695 |   4903 |   8 | 1133.9 |
          Lair |   3736 |   3676 |     60 |   1235 |   2030 |   4 |  934.0 |
               +--------+--------+--------+--------+--------+-----+--------+

Top non-repeatable levels by time:
     D:2: 1592 daAuts
     D:8: 1496 daAuts
     D:4: 1285 daAuts
  Lair:2: 1217 daAuts
  Lair:3: 1181 daAuts
     D:3: 1090 daAuts
     D:5: 1038 daAuts
     D:1: 984 daAuts
     D:7: 887 daAuts
  Lair:4: 866 daAuts
     D:6: 695 daAuts
  Lair:1: 471 daAuts
